[Event "Team 45 45 League T33"]
[Site "Internet Chess Club"]
[Date "2007.05.27"]
[Round "6"]
[White "MarcoDeSade"]
[Black "Aquaman"]
[Result "1-0"]
[WhiteElo "1481"]
[BlackElo "1457"]
[ECO "B01"]
[TimeControl "2700+45"]

1. e4 d5 2. exd5 Qxd5 3. Nc3 Qa5 4. Nf3 Nf6 5. Be2 Bf5 6. d3 c6 7. Bd2 Qd8 8.
O-O e6 9. Nh4 Bg6 10. Bg5 Nbd7 11. Ne4 Be7 12. Nxf6+ Nxf6 13. Nxg6 hxg6 14. Bf3
Nd5 15. Bxe7 Qxe7 16. Bxd5 cxd5 17. Qf3 Rh5 18. c4 Qd6 19. Qg3 Qxg3 20. fxg3
dxc4 21. dxc4 Ke7 22. Rad1 Rah8 23. h3 Ra5 24. a3 Rc5 25. Rc1 Rd8 26. b4 Re5 27.
Rfe1 Rxe1+ 28. Rxe1 Rd3 29. Ra1 Rxg3 30. c5 Rc3 31. Kf2 Kd7 32. Ra2 Rd3 33. Ke2
Rd5 34. g4 Kc6 35. Rd2 Kb5 36. Rxd5 exd5 37. Kd3 f5 38. gxf5 gxf5 39. Kd4 g5 40.
Kxd5 f4 41. Ke4 Ka4 42. h4 gxh4 43. Kxf4 h3 44. Kg3 h2 45. Kxh2 Kxa3 46. b5 Kb4
47. c6 bxc6 48. bxc6 Kc5 49. c7 Kc6 50. c8=Q+ {Black resigns} 1-0

[Event "Team 45 45 League T33"]
[Site "Internet Chess Club"]
[Date "2007.05.24"]
[Round "6"]
[White "Grenadier"]
[Black "Warpdrive"]
[Result "1-0"]
[WhiteElo "1825"]
[BlackElo "1602"]
[ECO "B03"]
[TimeControl "2700+45"]

1. e4 Nf6 2. e5 Nd5 3. d4 d6 4. Bc4 c6 5. Qf3 dxe5 6. dxe5 e6 7. Nc3 Be7 8. Bd2
Nd7 9. Qh5 g6 10. Qe2 N7b6 11. Bb3 Bg5 12. Nf3 Bxd2+ 13. Qxd2 Nxc3 14. Qxc3 Qe7
15. O-O-O O-O 16. Qe3 Kg7 17. h4 Bd7 18. h5 Rh8 19. h6+ Kf8 20. Rh4 Ke8 21. Qg5
Qxg5+ 22. Nxg5 Ke7 23. Rf4 Raf8 24. Ne4 Rd8 25. Nd6 Be8 26. Nxb7 Rxd1+ 27. Kxd1
Nc8 28. Ra4 f6 29. exf6+ Kxf6 30. Nc5 Bf7 31. Ra6 Rd8+ 32. Ke2 Nd6 33. Rxc6 Nf5
34. c3 Rd6 35. Ne4+ {Black resigns} 1-0

[Event "Team 45 45 League T33"]
[Site "Internet Chess Club"]
[Date "2007.05.24"]
[Round "6"]
[White "CoronelCintra"]
[Black "fredd"]
[Result "1-0"]
[WhiteElo "1894"]
[BlackElo "1572"]
[ECO "C25"]
[TimeControl "2700+45"]

1. e4 e5 2. Nc3 Bb4 3. Nd5 Ba5 4. b4 Bb6 5. Nf3 d6 6. d4 Nc6 7. dxe5 Nxe5 8.
Nxb6 Nxf3+ 9. Qxf3 axb6 10. Bb2 Nf6 11. Be2 O-O 12. Bxf6 Qxf6 13. Qxf6 gxf6 14.
Kd2 f5 15. exf5 Bxf5 16. Bf3 d5 17. Rhe1 Be6 18. a4 c6 19. c3 Rfd8 20. Kd3 Rd7
21. g4 Rad8 22. Re5 c5 23. h4 Re7 24. Rae1 Ra8 25. Bxd5 Rd8 26. Kc2 Rxd5 27.
Rxd5 cxb4 28. Rg5+ Kh8 29. cxb4 Rc7+ 30. Kd2 Rc4 31. Ke3 Rxb4 32. f3 Rxa4 33.
Rd1 Ra8 34. Rb5 Re8 35. Kf4 Bc8 36. Rxb6 Kg7 37. Rd5 h6 38. Rdd6 f6 39. Rxf6
{Black resigns} 1-0

[Event "Team 45 45 League T33"]
[Site "Internet Chess Club"]
[Date "2007.05.28"]
[Round "6"]
[White "Ghashgork"]
[Black "BrerRabbit"]
[Result "1-0"]
[WhiteElo "1710"]
[BlackElo "1542"]
[ECO "B45"]
[TimeControl "2700+45"]

1. e4 c5 2. Nf3 e6 3. d4 cxd4 4. Nxd4 Nc6 5. Nc3 d6 6. Be3 a6 7. Qd2 Nf6 8.
O-O-O Be7 9. f3 O-O 10. h4 Nxd4 11. Qxd4 Nd7 12. g4 b5 13. h5 Rb8 14. h6 e5 15.
Qd2 Nb6 16. hxg7 Re8 17. Qh2 Bh4 18. Qxh4 Qxh4 19. Rxh4 Kxg7 20. Rxd6 Nd7 21.
Nd5 Nf8 22. Bh6+ Kg8 23. Bxf8 Rxf8 24. Rdh6 Be6 25. Ne7+ Kg7 26. Rxh7+ Kf6 27.
Nf5 Rbd8 28. g5+ Kxg5 29. Rg4+ Kf6 30. Rh6# {Black checkmated} 1-0

[Event "Team 45 45 League T33"]
[Site "Internet Chess Club"]
[Date "2007.05.27"]
[Round "6"]
[White "ivanson"]
[Black "BillyNoMates"]
[Result "1-0"]
[WhiteElo "1888"]
[BlackElo "1899"]
[ECO "C05"]
[TimeControl "2700+45"]

1. e4 e6 2. d4 d5 3. Nd2 Nf6 4. e5 Nfd7 5. Bd3 c5 6. c3 Nc6 7. Ne2 Qb6 8. Nf3
Be7 9. O-O O-O 10. a3 f6 11. dxc5 Bxc5 12. b4 Be7 13. exf6 Nxf6 14. c4 Qd8 15.
cxd5 exd5 16. Ned4 Nxd4 17. Nxd4 Ne4 18. Be3 Bd7 19. Qb3 Nf6 20. Bf5 Bxf5 21.
Nxf5 Kh8 22. Nxe7 Qxe7 23. Bc5 Qe5 24. Bxf8 Rxf8 25. Rfe1 Qd6 26. Qg3 Qd7 27.
Rac1 Nh5 28. Qc7 Qf5 29. Qc2 Qf6 30. Re3 h6 31. Rf3 Nf4 32. Kh1 Qg5 33. g3 Qg4
34. Rxf4 Rxf4 35. Qc8+ Kh7 36. gxf4 Qf3+ 37. Kg1 d4 38. Qf5+ {Black resigns} 1-0

[Event "Team 45 45 League T33"]
[Site "Internet Chess Club"]
[Date "2007.05.28"]
[Round "6"]
[White "shijith"]
[Black "mickeys"]
[Result "1-0"]
[WhiteElo "1796"]
[BlackElo "1667"]
[ECO "D38"]
[TimeControl "2700+45"]

1. d4 Nf6 2. c4 e6 3. Nf3 d5 4. Nc3 Bb4 5. Qa4+ Nc6 6. Ne5 Bxc3+ 7. bxc3 Bd7 8.
Nxd7 Qxd7 9. Rb1 b6 10. Ba3 Ne4 11. cxd5 Nxc3 12. dxc6 Nxa4 13. cxd7+ Kd8 14. e3
Nc3 15. Rc1 Nd5 16. Bb5 a5 17. O-O Nf6 18. Bb2 Nxd7 19. Bd3 Nf6 20. e4 Nd7 21.
Rc2 Ra7 22. Rfc1 h5 23. a4 Rg8 24. Be2 h4 25. Rc6 Nb8 26. R6c4 Nd7 27. Bd3 g5
28. d5 Nc5 29. dxe6 Nxe6 30. Bf6+ Kc8 31. e5 Nc5 32. Bh7 Re8 33. Rb1 Nd7 34. Bf5
Rb7 35. Rc6 Rg8 36. Rd1 g4 37. Rxd7 g3 38. Rd8# {Black checkmated} 1-0

[Event "Team 45 45 League T33"]
[Site "Internet Chess Club"]
[Date "2007.05.28"]
[Round "6"]
[White "Konstantinos"]
[Black "LoseOften"]
[Result "0-1"]
[WhiteElo "1660"]
[BlackElo "1783"]
[ECO "B50"]
[TimeControl "2700+45"]

1. e4 c5 2. Nf3 d6 3. b3 Nc6 4. Bb2 e6 5. Nc3 Nf6 6. Be2 Be7 7. O-O O-O 8. d3 a6
9. Re1 b5 10. a3 Bb7 11. Rb1 Qb6 12. Ba1 Rac8 13. Na2 Nd4 14. Nxd4 cxd4 15. c4
dxc3 16. Nxc3 Qa5 17. a4 d5 18. b4 Bxb4 19. Nxb5 axb5 20. Bxf6 gxf6 21. Rf1 dxe4
22. axb5 exd3 23. Bxd3 Kh8 24. Qh5 f5 25. Rb3 Rg8 26. f3 Qa2 27. g3 Qxb3 28.
Qxf7 Rg7 {White resigns} 0-1

[Event "Team 45 45 League T33"]
[Site "Internet Chess Club"]
[Date "2007.05.26"]
[Round "6"]
[White "Beancounter"]
[Black "Kingofknights"]
[Result "1-0"]
[WhiteElo "1712"]
[BlackElo "1726"]
[ECO "B17"]
[TimeControl "2700+45"]

1. e4 c6 2. d4 d5 3. Nd2 dxe4 4. Nxe4 Nd7 5. Bc4 e6 6. Bf4 Nb6 7. Bd3 Nf6 8. Nf3
Nxe4 9. Bxe4 Be7 10. Qe2 Nd5 11. Bd2 O-O 12. c4 Nf6 13. Bc2 c5 14. O-O-O cxd4
15. Bc3 Qc7 16. Bxd4 Rd8 17. h4 Bd7 18. h5 Qa5 19. h6 g6 20. Kb1 b5 21. Ne5 bxc4
22. Qf3 Qd5 23. Qxd5 exd5 24. Nxd7 Rxd7 25. f3 Ne8 26. Ba4 Rc7 27. Bxe8 Rxe8 28.
Rhe1 Rec8 29. Bc3 Bg5 30. Bg7 Rd7 31. Re5 d4 32. Rxg5 c3 33. bxc3 Rb7+ 34. Ka1
dxc3 35. Bxc3 f5 36. Bg7 Kf7 37. f4 Rc2 38. g4 Rf2 39. gxf5 Rxf4 40. fxg6+ hxg6
41. Rgd5 Kg8 42. Rd8+ Kh7 43. Rh8# {Black checkmated} 1-0

[Event "Team 45 45 League T33"]
[Site "Internet Chess Club"]
[Date "2007.05.26"]
[Round "6"]
[White "Fysh"]
[Black "chinta"]
[Result "0-1"]
[WhiteElo "1713"]
[BlackElo "1838"]
[ECO "E20"]
[TimeControl "2700+45"]

1. d4 Nf6 2. c4 e6 3. Nc3 a6 4. e4 d6 5. f4 Nbd7 6. Nf3 Nb6 7. Be2 Bd7 8. e5 Ng4
9. Qc2 dxe5 10. fxe5 Be7 11. O-O Bc6 12. Qd2 h6 13. h3 Bxf3 14. Rxf3 Bg5 15. Qd1
Bxc1 16. Rxc1 h5 17. hxg4 hxg4 18. Rg3 Qh4 19. Rxg4 Qh2+ 20. Kf2 O-O-O 21. c5
Nd7 22. Qb3 f5 23. Rg3 Qh6 24. Rd1 Qh4 25. Bf3 c6 26. Ne2 f4 27. Nxf4 Qxf4 28.
Qxe6 Kb8 29. Rxg7 Nxc5 30. dxc5 Rxd1 31. Rxb7+ Ka8 32. Rh7 Qd2+ 33. Kg3 Qe1+ 34.
Kg4 Rd4+ 35. Kg5 Qg3+ 36. Kf6 Rf4+ 37. Ke7 Rxh7+ 38. Kd6 Qg7 39. Qc8+ Ka7 40.
Bxc6 Rd4+ 41. Bd5 Qe7+ 42. Kc6 Qxe5 43. Qd8 Rh6+ {White resigns} 0-1

[Event "Team 45 45 League T33"]
[Site "Internet Chess Club"]
[Date "2007.05.26"]
[Round "6"]
[White "shakkimestari"]
[Black "wonwickedclown"]
[Result "1-0"]
[WhiteElo "1761"]
[BlackElo "1704"]
[ECO "B33"]
[TimeControl "2700+45"]

1. e4 c5 2. Nf3 Nc6 3. d4 cxd4 4. Nxd4 Nf6 5. Nc3 e5 6. Ndb5 d6 7. Bg5 a6 8.
Bxf6 gxf6 9. Na3 b5 10. Nd5 Bh6 11. c3 f5 12. Qh5 Qg5 13. Qxg5 Bxg5 14. Nc7+ Kf8
15. Nxa8 fxe4 16. Nc7 Ne7 17. Rd1 {Black resigns} 1-0

[Event "Team 45 45 League T33"]
[Site "Internet Chess Club"]
[Date "2007.05.27"]
[Round "6"]
[White "touchthis"]
[Black "NFK"]
[Result "1-0"]
[WhiteElo "1799"]
[BlackElo "1671"]
[ECO "C21"]
[TimeControl "2700+45"]

1. e4 e5 2. d4 exd4 3. Nf3 Bb4+ 4. c3 dxc3 5. Nxc3 Ne7 6. Bc4 O-O 7. O-O d6 8.
Qb3 Bxc3 9. Qxc3 Nbc6 10. b3 Ng6 11. Bb2 Qf6 12. Qxf6 gxf6 13. Bxf6 Be6 14. Bb5
Nce5 15. Nd4 c6 16. Be2 Nf4 17. Rfe1 Nxe2+ 18. Rxe2 Ng4 19. Nxe6 fxe6 20. Be7 d5
21. Bxf8 Rxf8 22. exd5 exd5 23. h3 Nf6 24. Re7 Rf7 25. Rxf7 Kxf7 26. f3 Ke6 27.
Re1+ Kd6 28. g4 h6 29. h4 c5 30. Kf2 d4 31. g5 hxg5 32. hxg5 Nh5 33. g6 Ng7 34.
Re4 a5 35. a4 b6 36. Ke2 Nf5 37. Rf4 Ke5 38. Rxf5+ {Black resigns} 1-0

[Event "Team 45 45 League T33"]
[Site "Internet Chess Club"]
[Date "2007.06.02"]
[Round "6"]
[White "Squaredance"]
[Black "fishhead"]
[Result "1-0"]
[WhiteElo "2030"]
[BlackElo "1836"]
[ECO "A48"]
[TimeControl "2700+45"]

1. d4 Nf6 2. Nf3 g6 3. e3 Bg7 4. Bd3 d6 5. O-O O-O 6. c3 c6 7. Qe2 Nbd7 8. Nbd2
e5 9. dxe5 dxe5 10. Rd1 Qc7 11. e4 Nc5 12. Bc2 Nh5 13. Qe3 b6 14. Nc4 Ba6 15. b4
Bxc4 16. bxc5 Nf4 17. Bb3 Ba6 18. g3 Nh5 19. Rd6 Rfd8 20. Ng5 Rxd6 21. cxd6 Qxd6
22. Nxf7 Qf6 23. Nxe5+ Kh8 24. Nf7+ Kg8 25. Ba3 c5 26. Bd5 Rb8 27. Ne5+ Kh8 28.
Nd7 Qd6 29. Nxb8 Qxb8 30. Rd1 Nf6 31. c4 Ng4 32. Qg5 Ne5 33. Kg2 Nxc4 34. Bxc4
Bxc4 35. Rd8+ {Black resigns} 1-0

[Event "Team 45 45 League T33"]
[Site "Internet Chess Club"]
[Date "2007.05.26"]
[Round "6"]
[White "Mater"]
[Black "tourettes"]
[Result "0-1"]
[WhiteElo "1754"]
[BlackElo "1825"]
[ECO "E00"]
[TimeControl "2700+45"]

1. d4 Nf6 2. c4 e6 3. a3 b6 4. Nc3 Bb7 5. Bg5 Be7 6. h3 O-O 7. e3 d5 8. cxd5
Nxd5 9. Bxe7 Qxe7 10. Nf3 Nd7 11. Be2 c5 12. O-O Nxc3 13. bxc3 Nf6 14. a4 Qc7
15. Ne5 Ne4 16. Rc1 Rad8 17. Bf3 Nf6 18. Bxb7 Qxb7 19. Qb3 Qc7 20. Rfd1 Rd6 21.
Nc4 Rd5 22. Ne5 Rfd8 23. Qb1 Nd7 24. Nf3 c4 25. e4 Ra5 26. Qc2 Qc6 27. Ra1 Nf6
28. e5 Qe4 29. Qc1 Nd5 30. Ng5 Qg6 31. Re1 Qd3 32. Ne4 f5 33. Qg5 Rd7 34. Nd6
Qxc3 35. Rec1 Qxd4 36. Nxc4 Rc5 37. Qh5 g6 38. Qe2 Nc3 39. Qf3 Qxc4 40. Kh1 Qd4
41. Qa8+ Kg7 42. Qe8 Rcc7 43. Qxe6 Kh6 44. Qf6 Nd5 45. Qf8+ Kh5 46. g4+ fxg4 47.
Rg1 Qe4+ 48. Rg2 gxh3 49. f3 hxg2+ 50. Kxg2 Rc2+ 51. Kg3 Qh4# {White checkmated}
0-1

[Event "Team 45 45 League T33"]
[Site "Internet Chess Club"]
[Date "2007.05.28"]
[Round "6"]
[White "kingfischer57"]
[Black "jazzpiano"]
[Result "1-0"]
[WhiteElo "1775"]
[BlackElo "1721"]
[ECO "D09"]
[TimeControl "2700+45"]

1. d4 d5 2. c4 e5 3. dxe5 d4 4. Nf3 Nc6 5. g3 Bg4 6. Bg2 Qd7 7. O-O O-O-O 8.
Nbd2 Nge7 9. a3 Ng6 10. b4 Ncxe5 11. Qb3 Nxf3+ 12. Nxf3 Be7 13. Bb2 Bf6 14. Rfd1
Bxf3 15. Qxf3 Qc6 16. Qxc6 bxc6 17. Bxc6 Ne5 18. Bb5 d3 19. Kf1 c6 20. Ba6+ Kc7
21. c5 Rhe8 22. exd3 Nd7 23. Bxf6 Nxf6 24. Re1 Nd5 25. Rxe8 Rxe8 26. Re1 Rd8 27.
Bc4 f6 28. Bxd5 Rxd5 29. Re7+ Kb8 30. Ke2 Re5+ 31. Rxe5 fxe5 32. Ke3 Kb7 33. Ke4
Ka6 34. Kxe5 Kb5 35. Kd6 a6 36. d4 Ka4 37. Kxc6 Kxa3 38. d5 Kxb4 39. d6 a5 40.
d7 a4 41. d8=Q a3 {Black resigns} 1-0

[Event "Team 45 45 League T33"]
[Site "Internet Chess Club"]
[Date "2007.06.03"]
[Round "6"]
[White "bonecore"]
[Black "crankn8tr"]
[Result "0-1"]
[WhiteElo "1599"]
[BlackElo "1634"]
[ECO "A00"]
[TimeControl "2700+45"]

1. g3 e5 2. Bg2 d5 3. d3 c6 4. Nd2 Bd6 5. c4 Ne7 6. a3 O-O 7. b4 a5 8. b5 cxb5
9. cxb5 Nd7 10. a4 Nb6 11. Bb2 Ng6 12. Ngf3 Be6 13. h4 f6 14. h5 Ne7 15. O-O Bg4
16. Nh2 Bxh5 17. Nb3 Bb4 18. g4 Bf7 19. d4 Nc4 20. Qc2 Bg6 21. e4 Bxe4 22. Bxe4
dxe4 23. Qxc4+ Kh8 24. dxe5 Rc8 25. Qxe4 f5 26. gxf5 Nxf5 27. Rad1 Qg5+ 28. Qg4
Qxg4+ 29. Nxg4 Rc4 30. f3 h5 31. Nh2 Ne3 32. Rd4 Rxd4 33. Nxd4 Nxf1 34. Nxf1 Bc5
35. Kg2 Rd8 36. Ne6 Rd5 37. Nxc5 Rxc5 38. Ng3 Rc2+ 39. Kh3 Rxb2 40. Nxh5 Rb4 41.
e6 Kg8 42. f4 Rxa4 43. Kg4 Rb4 44. Kf5 Rxb5+ 45. Kg6 a4 46. e7 Rb6+ 47. Kf5 Kf7
{White resigns} 0-1

[Event "Team 45 45 League T33"]
[Site "Internet Chess Club"]
[Date "2007.05.29"]
[Round "6"]
[White "Klampin"]
[Black "andrew28"]
[Result "1-0"]
[WhiteElo "2015"]
[BlackElo "1812"]
[ECO "D02"]
[TimeControl "2700+45"]

1. Nf3 Nf6 2. d4 d5 3. Bf4 e6 4. e3 Bd6 5. Bxd6 Qxd6 6. c3 Nc6 7. Nbd2 e5 8.
Nxe5 Nxe5 9. dxe5 Qxe5 10. Nf3 Qh5 11. Be2 Bg4 12. Qa4+ c6 13. Qb4 b6 14. Qd6
Rd8 15. Qxc6+ Bd7 16. Qc7 O-O 17. Qxa7 Qg6 18. Qxb6 Rb8 19. Qa6 Rxb2 20. O-O Bh3
21. Ne1 Bc8 22. Qd3 Bf5 23. Qd1 Ne4 24. Bh5 Qf6 25. Qxd5 Nd2 26. Qd4 Qh6 27. c4
Rfb8 28. Rd1 Qxh5 29. Rxd2 Rxd2 30. Qxd2 h6 31. Nf3 Kh7 32. Rc1 Rb6 33. c5 Rg6
34. Nd4 Bh3 35. g3 Qd5 36. f3 Ra6 37. Qd3+ g6 38. Qxa6 Qe5 39. Qd3 Qb8 40. c6
Qb2 41. Qc2 Qa3 42. Qd2 Qa6 43. c7 Qb7 44. Qc3 Qa6 45. c8=Q Bxc8 46. Qxc8 Qxa2
47. Qc4 {Black resigns} 1-0

[Event "Team 45 45 League T33"]
[Site "Internet Chess Club"]
[Date "2007.05.27"]
[Round "6"]
[White "RedAttack"]
[Black "Vitruvian"]
[Result "1-0"]
[WhiteElo "1884"]
[BlackElo "1827"]
[ECO "C01"]
[TimeControl "2700+45"]

1. d4 e6 2. e4 d5 3. exd5 exd5 4. Nf3 Nf6 5. Bd3 Bd6 6. Qe2+ Qe7 7. Qxe7+ Bxe7
8. O-O O-O 9. Bf4 c6 10. Re1 Bb4 11. c3 Ba5 12. b4 Bb6 13. Nbd2 Bg4 14. Re7 Nbd7
15. Ne5 Be6 16. Nxd7 Nxd7 17. Bd6 Rfe8 18. Re1 Rxe7 19. Bxe7 Re8 20. Bd6 g6 21.
f4 Rc8 22. h3 h5 23. Bxg6 h4 24. f5 fxg6 25. fxe6 Nf6 26. Rf1 Nh7 27. Nf3 Re8
28. e7 Nf6 29. Nxh4 {Black resigns} 1-0

[Event "Team 45 45 League T33"]
[Site "Internet Chess Club"]
[Date "2007.05.26"]
[Round "6"]
[White "vrahimov"]
[Black "Juan73"]
[Result "1/2-1/2"]
[WhiteElo "1553"]
[BlackElo "1820"]
[ECO "C64"]
[TimeControl "2700+45"]

1. e4 e5 2. Nf3 Nc6 3. Bb5 Bc5 4. O-O Nf6 5. Re1 a6 6. Bc4 O-O 7. c3 d5 8. exd5
Nxd5 9. d4 exd4 10. cxd4 Bb6 11. Bg5 Qd6 12. Nc3 Be6 13. Ne4 Qd7 14. Nc5 Bxc5
15. dxc5 Rfe8 16. Rc1 h6 17. Bh4 g5 18. Bg3 Re7 19. Ne5 Nxe5 20. Bxe5 Rae8 21.
Qf3 Nf4 22. c6 Qxc6 23. Qxc6 bxc6 24. Bf6 Bxc4 25. Bxe7 Ne2+ 26. Rxe2 Bxe2 27.
Bf6 Re6 28. Bd8 f5 29. f3 Kg7 30. Bxc7 Bb5 31. b3 {Game drawn by mutual
agreement} 1/2-1/2

[Event "Team 45 45 League T33 u"]
[Site "Internet Chess Club"]
[Date "2007.05.27"]
[Round "6"]
[White "egd01"]
[Black "superbeast"]
[Result "0-1"]
[WhiteElo "1499"]
[BlackElo "1591"]
[ECO "B33"]
[TimeControl "2700+45"]

1. e4 c5 2. Nf3 Nc6 3. d4 cxd4 4. Nxd4 Nf6 5. Nc3 e5 6. Ndb5 d6 7. Bg5 a6 8. Na3
b5 9. Nd5 Be7 10. Bxf6 Bxf6 11. c3 O-O 12. Nc2 Bg5 13. h4 Bh6 14. g4 Bf4 15. Qf3
Bb7 16. Nxf4 Qf6 17. O-O-O Rfd8 18. g5 Qxf4+ 19. Qxf4 exf4 20. Nd4 Ne5 21. f3 d5
22. Bd3 Nxf3 23. exd5 Nxd4 24. Bxh7+ Kxh7 25. Rxd4 Bxd5 26. Rhd1 f3 27. Rxd5
Rxd5 28. Rxd5 Kg6 29. Rd3 f6 30. gxf6 gxf6 31. Rxf3 Rh8 32. Rh3 f5 33. Kd2 f4
34. Ke2 Re8+ 35. Kd3 Kf5 36. h5 Kg4 37. Rh1 f3 38. h6 f2 39. h7 Kg3 40. h8=Q
Rxh8 41. Rxh8 f1=Q+ 42. Kc2 Qe2+ 43. Kb3 Qc4+ 44. Kc2 Qxa2 45. Rd8 Qa4+ 46. Kd2
Qf4+ 47. Kc2 Kf3 48. Rd3+ Ke2 49. Rd8 a5 50. Re8+ Kf3 51. Rd8 Qe4+ 52. Kc1 b4
53. Rd4 Qe3+ 54. Kc2 Qe2+ 55. Kc1 b3 56. Rd1 Qc2# {White checkmated} 0-1

[Event "Team 45 45 League T33"]
[Site "Internet Chess Club"]
[Date "2007.05.26"]
[Round "6"]
[White "jonesey"]
[Black "DeepHmm"]
[Result "1/2-1/2"]
[WhiteElo "1994"]
[BlackElo "2186"]
[ECO "B32"]
[TimeControl "2700+45"]

1. e4 c5 2. Nf3 Nc6 3. d4 cxd4 4. Nxd4 e5 5. Nb5 d6 6. c4 Be7 7. N1c3 a6 8. Na3
Be6 9. Nc2 Bg5 10. Be2 Bxc1 11. Rxc1 Nf6 12. O-O O-O 13. Kh1 Rc8 14. b3 Qa5 15.
Qe1 Kh8 16. Rd1 Rfd8 17. Rd3 b5 18. cxb5 axb5 19. Bf3 b4 20. Na4 d5 21. exd5
Bxd5 22. Bxd5 Rxd5 23. Rxd5 Nxd5 24. Ne3 Nf4 25. Nc4 Qd5 26. f3 Rd8 27. Qe4 Qxe4
28. fxe4 f6 29. g3 Ne2 30. a3 Rd3 31. Nc5 Rc3 32. a4 Ned4 33. a5 Nxb3 34. Nxb3
Rxc4 35. Rd1 Kg8 36. a6 Rc3 37. Rd6 Rxb3 38. Rxc6 Ra3 39. Rb6 Ra2 40. h4 b3 41.
Rxb3 Rxa6 42. Kg2 h5 43. Kf3 Ra1 44. Rb8+ Kh7 45. Rb7 Ra3+ 46. Kf2 Kh6 47. Rf7
Ra6 48. Rf8 g6 49. Rh8+ Kg7 50. Re8 Kf7 51. Rh8 Kg7 52. Re8 Ra7 53. Ke3 Kf7 54.
Rh8 Re7 55. Kf3 Kg7 56. Ra8 g5 57. g4 gxh4 58. gxh5 Kh6 59. Kg4 h3 60. Kxh3 Kxh5
61. Rg8 Ra7 62. Kg3 Ra1 63. Kf3 Rf1+ 64. Ke3 Rf4 65. Rh8+ Kg6 66. Rg8+ Kf7 67.
Ra8 Rh4 68. Rb8 Rh3+ 69. Kf2 Ra3 70. Rc8 Ke7 71. Rb8 Kd6 72. Rb6+ Kc5 73. Rxf6
Kd4 74. Re6 Kxe4 75. Ke2 Ra2+ 76. Ke1 Kd4 77. Re8 e4 78. Rb8 Ke3 79. Rb3+ Kf4
80. Rb8 Kf3 81. Re8 Ke3 82. Kd1 Rh2 83. Re7 Rh1+ 84. Kc2 Re1 85. Rh7 Rg1 86. Re7
Rf1 87. Re8 Rf5 88. Kd1 Ra5 89. Re7 Ra1+ 90. Kc2 Kf3 91. Kd2 Ra2+ 92. Ke1 Ra6
93. Re8 Rd6 94. Re7 e3 95. Rf7+ Ke4 96. Ke2 Rd2+ 97. Ke1 {Game drawn by mutual
agreement} 1/2-1/2

[Event "Team 45 45 League T33"]
[Site "Internet Chess Club"]
[Date "2007.05.28"]
[Round "6"]
[White "achessman"]
[Black "MiroslavR"]
[Result "0-1"]
[WhiteElo "2110"]
[BlackElo "1994"]
[ECO "C00"]
[TimeControl "2700+45"]

1. e4 e6 2. Qe2 Nf6 3. g3 d5 4. d3 c5 5. Bg2 Nc6 6. c3 dxe4 7. dxe4 Ne5 8. Bg5
c4 9. Nd2 Nd3+ 10. Kf1 Qc7 11. b3 Bc5 12. Nxc4 Nxf2 13. Bf4 Qe7 14. Bd6 Bxd6 15.
Nxd6+ Qxd6 16. e5 Qc5 17. exf6 Nxh1 18. Bxh1 Qxc3 19. Rd1 Qxf6+ 20. Qf2 Qxf2+
21. Kxf2 Ke7 {White resigns} 0-1

[Event "Team 45 45 League T33"]
[Site "Internet Chess Club"]
[Date "2007.05.30"]
[Round "6"]
[White "Bort"]
[Black "Andre"]
[Result "1/2-1/2"]
[WhiteElo "2046"]
[BlackElo "1907"]
[ECO "D04"]
[TimeControl "2700+45"]

1. d4 d5 2. Nf3 Nf6 3. e3 g6 4. b3 Bg7 5. Bb2 O-O 6. Be2 Bf5 7. O-O Nbd7 8. c4
c5 9. Nc3 e6 10. Ne5 h5 11. Nxd7 Qxd7 12. dxc5 Ne4 13. Rc1 Nxc5 14. cxd5 exd5
15. Qxd5 Qxd5 16. Nxd5 Nd3 17. Bxd3 Bxb2 18. Ne7+ Kh8 19. Rcd1 Bxd3 20. Rxd3
Rfe8 21. Rd7 b5 22. Rfd1 Kg7 23. Kf1 a5 24. Rb7 Bf6 25. Nd5 Rab8 26. Nxf6 Kxf6
27. Rd6+ Kg7 28. Rxb8 Rxb8 29. Ra6 a4 30. bxa4 b4 31. Ra5 b3 32. axb3 Rxb3 33.
Ra8 Rb2 34. h4 Kf6 35. g3 Kf5 36. Kg2 Ra2 37. Kf3 Ra3 38. Ra5+ Kf6 39. Kf4 Rc3
40. Ra8 Rc5 41. e4 Rc4 42. f3 Rb4 43. g4 hxg4 44. fxg4 Rb1 45. e5+ Kg7 46. h5
gxh5 47. gxh5 Rh1 48. a5 Rxh5 49. a6 Rh4+ 50. Kf5 Ra4 51. a7 Ra5 52. Ke4 Kh7 53.
Kd4 Kg7 54. Kc4 Ra1 55. Kb5 Rb1+ 56. Kc6 Rc1+ 57. Kd7 Rd1+ {Game drawn by mutual
agreement} 1/2-1/2

Hello, Leaguers. spirit87(C) has (C) on his handle. Per league  statutes this game must be set a forfeit loss for spirit87(C).

[Event "Team 45 45 League T33"]
[Site "Internet Chess Club"]
[Date "2007.05.29"]
[Round "6"]
[White "ChessAddict"]
[Black "BaroneRosso"]
[Result "1/2-1/2"]
[WhiteElo "2147"]
[BlackElo "2034"]
[ECO "E34"]
[TimeControl "2700+45"]

1. d4 Nf6 2. c4 e6 3. Nc3 Bb4 4. Qc2 d5 5. cxd5 Qxd5 6. Nf3 Qf5 7. Qxf5 exf5 8.
a3 Be7 9. Bg5 c6 10. e3 Be6 11. Bd3 Nbd7 12. O-O h6 13. Bh4 a5 14. Rab1 O-O 15.
Rfc1 g5 16. Bg3 Nb6 17. Be5 Nbd5 18. Bxf6 Nxf6 19. Ne5 Rfd8 20. b4 Nd7 21. Nxd7
Rxd7 22. Ne2 axb4 23. axb4 Ra4 24. b5 c5 25. b6 c4 26. Nc3 Rb4 27. Be2 Rb3 28.
d5 Rxb1 29. Rxb1 Bxd5 30. Nxd5 Rxd5 31. Bxc4 Rc5 32. Bd3 Kg7 33. g4 fxg4 34. Be4
Rc4 35. Bxb7 Rb4 36. Rxb4 Bxb4 37. Be4 Bd6 38. Kg2 Kf6 39. h3 gxh3+ 40. Kxh3 h5
41. Bd3 Kg7 42. b7 Bb8 43. Kg2 f6 44. Kf3 Kf7 45. Ke4 Ke7 46. Kf5 h4 47. Bf1 Be5
48. Bh3 Bb8 49. f4 gxf4 50. exf4 Bc7 51. Kg4 Bd6 52. f5 Kd8 53. Kxh4 Kc7 54. Bg2
Be5 55. Kg4 Kb8 56. Bd5 Ba1 57. Kf4 Be5+ 58. Ke4 Ba1 59. Bc6 Be5 60. Kd5 Ba1 61.
Ke6 Be5 62. Be4 Ba1 63. Kd7 Be5 64. Ke6 Ba1 65. Kd7 {Game drawn by mutual
agreement} 1/2-1/2

[Event "Team 45 45 League T33"]
[Site "Internet Chess Club"]
[Date "2007.05.27"]
[Round "6"]
[White "camembert"]
[Black "blackcatdillac"]
[Result "0-1"]
[WhiteElo "1916"]
[BlackElo "1839"]
[ECO "D27"]
[TimeControl "2700+45"]

1. d4 d5 2. c4 dxc4 3. Nf3 Nf6 4. e3 e6 5. Bxc4 c5 6. O-O a6 7. a4 Nc6 8. Nc3
Be7 9. Qe2 cxd4 10. Rd1 O-O 11. exd4 Nd5 12. Ba2 Ncb4 13. Bb1 b6 14. Qe4 g6 15.
Ne5 Re8 16. Qf3 Bf6 17. Ne4 Ra7 18. Nxf6+ Qxf6 19. Qg3 Rc7 20. Bg5 Qg7 21. Ng4
Nc2 22. Bxc2 Rxc2 23. Ra3 h5 24. Qb3 Rc6 25. Ne3 Nxe3 26. Bxe3 Bb7 27. d5 exd5
28. Qxd5 Qxb2 29. Rb3 Qa2 30. Qd7 Qxb3 31. Qxe8+ Kh7 32. Qd7 Bc8 33. Qd4 Be6 34.
h3 Rc4 35. Qd8 Rc8 36. Qd4 Rc4 37. Qd8 Qxa4 38. Bxb6 Rc8 39. Qd2 Qc2 40. Qd4 Rc4
41. Qd8 Rc8 42. Qd4 Qc4 43. Qd6 Rc6 44. Qd8 Qb3 45. Be3 a5 46. Ra1 a4 47. Bd4
Rc8 48. Qa5 Bd5 49. Qxa4 Rc1+ 50. Kh2 Rh1+ {White resigns} 0-1

[Event "Team 45 45 League T33"]
[Site "Internet Chess Club"]
[Date "2007.05.31"]
[Round "6"]
[White "room-matt"]
[Black "luar1609"]
[Result "0-1"]
[WhiteElo "1841"]
[BlackElo "2056"]
[ECO "B26"]
[TimeControl "2700+45"]

1. e4 c5 2. Nc3 d6 3. g3 g6 4. Bg2 Bg7 5. d3 Nc6 6. Be3 e6 7. Qd2 Rb8 8. Nf3 Nd4
9. Bxd4 cxd4 10. Nb5 a6 11. Nbxd4 Qb6 12. c3 Ne7 13. O-O O-O 14. Rfe1 e5 15. Nb3
Be6 16. Qg5 f6 17. Qe3 Qxe3 18. Rxe3 Rbc8 19. Nfd2 Bh6 20. Re2 Kf7 21. h3 b6 22.
a4 Rfd8 23. c4 Nc6 24. a5 bxa5 25. Ra3 Rb8 26. Nf3 Rb6 27. Nxa5 Nb4 28. Nh2 f5
29. g4 Bf4 30. gxf5 gxf5 31. Bf3 fxe4 32. Bxe4 Rg8+ 33. Kh1 Bxh3 34. Nb3 d5 35.
cxd5 Bf1 36. Rd2 Bxh2 37. Ra1 Bf4 {White resigns} 0-1

[Event "Team 45 45 League T33"]
[Site "Internet Chess Club"]
[Date "2007.05.23"]
[Round "6"]
[White "aksuw"]
[Black "rubo"]
[Result "1-0"]
[WhiteElo "2045"]
[BlackElo "1806"]
[ECO "B12"]
[TimeControl "2700+45"]

1. e4 c6 2. d4 d5 3. e5 Bf5 4. c4 e6 5. Nc3 c5 6. Nf3 Nc6 7. cxd5 exd5 8. Be2
cxd4 9. Nxd4 Nxd4 10. Qxd4 Ne7 11. O-O Nc6 12. Qxd5 Be6 13. Qxd8+ Rxd8 14. Bb5
Be7 15. Be3 a6 16. Bxc6+ bxc6 17. Rfd1 O-O 18. Ne4 Bxa2 19. Nd6 Bxd6 20. Rxd6
Rxd6 21. exd6 Bc4 22. Bb6 Be6 23. Rxa6 f5 24. Ra7 Rf7 25. Bc7 g6 26. Kf1 Kg7 27.
Ke2 Rd7 28. Kd3 Kf6 29. Kd4 h5 30. h4 Bd5 31. g3 Ke6 32. Ra3 Kf6 33. Kc5 g5 34.
hxg5+ Kxg5 35. b4 f4 36. b5 fxg3 37. fxg3 Rf7 38. bxc6 Rf5 39. Kb6 Bc4 40. Ra5
Rxa5 41. Kxa5 h4 42. gxh4+ Kxh4 43. d7 {Black resigns} 1-0